 Dungeon Crawl Stone Soup version 0.29-a0-557-g43b9904bd1 (webtiles) character file.

Game seed: 13661588353670265150

50 DocClef the Covert (level 3, 0/35 HPs)
             Began as a Gnoll Delver on June 8, 2022.
             Was an Initiate of Okawaru.
             Slain by a scorpion (7 damage)
             ... on level 5 of the Dungeon.
             The game lasted 00:00:48 (631 turns).

DocClef the Covert (Gnoll Delver)                    Turns: 631, Time: 00:00:49

Health: 0/35       AC:  3    Str: 13    XL:     3   Next: 79%
Magic:  4/4        EV: 13    Int:  9    God:    Okawaru [......]
Gold:   8          SH:  0    Dex: 13    Spells: 4/4 levels left

rFire   . . .      SeeInvis .   a - +0 short sword
rCold   . . .      Faith    .   (no shield)
rNeg    . . .      Spirit   .   b - +0 leather armour
rPois   .          Reflect  .   (no helmet)
rElec   .          Harm     .   (no cloak)
rCorr   .          Rampage  .   (no gloves)
Will    .....                   (no boots)
Stlth   ++++......              (no amulet)
HPRegen 0.11/turn               (no ring)
MPRegen 0.09/turn               (no ring)

@: lethally poisoned (0 -> -2)
A: fangs 1, strong nose, distributed training
a: Renounce Religion


You were on level 5 of the Dungeon.
You worshipped Okawaru.
Okawaru was noncommittal.
You visited 2 branches of the dungeon, and saw 2 of its levels.

You collected 8 gold pieces.

Inventory:

Hand Weapons
 a - a +0 short sword (weapon)
Armour
 b - a +0 leather armour (worn)
Wands
 g - a wand of digging (3)
Scrolls
 c - a scroll of fog
 d - a scroll of magic mapping
 e - a scroll of fear
 h - a scroll of enchant armour {unknown}
 i - a scroll of identify {unknown}
 j - a scroll of amnesia {unknown}
Potions
 f - a potion of haste


   Skills:
 + Level 6.5 Fighting
 + Level 4.6 Short Blades
 + Level 1.0 Long Blades
 + Level 1.0 Axes
 + Level 1.0 Maces & Flails
 + Level 1.0 Polearms
 + Level 1.0 Staves
 + Level 1.0 Slings
 + Level 1.0 Bows
 + Level 1.0 Crossbows
 + Level 1.0 Throwing
 + Level 1.0 Armour
 + Level 4.6 Dodging
 + Level 9.6 Stealth
 + Level 1.0 Shields
 + Level 1.0 Unarmed Combat
 + Level 1.0 Spellcasting
 + Level 0.7 Conjurations
 + Level 0.7 Hexes
 + Level 0.7 Summonings
 + Level 0.7 Necromancy
 + Level 0.7 Translocations
 + Level 0.7 Transmutations
 + Level 0.7 Fire Magic
 + Level 0.7 Ice Magic
 + Level 0.7 Air Magic
 + Level 0.7 Earth Magic
 + Level 0.7 Poison Magic
 + Level 1.0 Invocations
 + Level 1.0 Evocations


You had 4 spell levels left.
You didn't know any spells.
Your spell library was empty.

Dungeon Overview and Level Annotations

Branches:
Dungeon (5/15)             Temple (1/1) D:5

Altars:
Ashenzari
Cheibriados
Elyvilon
Fedhas
Hepliaklqana
Kikubaaqudgha
Makhleb
Nemelex Xobeh
Okawaru
Qazlal
Ru
Trog
Uskayaw
Vehumet
Wu Jian
Yredelemnul
The Shining One


Innate Abilities, Weirdness & Mutations

You have very sharp teeth.
Your uncanny sense of smell can sniff out nearby items.
Your experience applies equally to all skills.


Message History

You hit the scorpion but do no damage.
You bite the scorpion, but do no damage.
The scorpion is lightly wounded.
The scorpion barely misses you.
You hit the scorpion.
You bite the scorpion, but do no damage.
The scorpion is lightly wounded.
The scorpion stings you. The scorpion barely misses you.
You hit the scorpion but do no damage.
The scorpion is lightly wounded.
The scorpion stings you.
You are poisoned.
The scorpion poisons you!
You hit the scorpion.
The scorpion is moderately wounded.
You feel very sick. The scorpion stings you.
You hit the scorpion. Your bite misses the scorpion.
The scorpion is severely wounded.
You feel sick. The scorpion stings you.
You hit the scorpion but do no damage.
The scorpion is severely wounded.
You feel sick.
The scorpion stings you but does no damage.
You closely miss the scorpion.
The scorpion is severely wounded.
You feel sick. The scorpion misses you.
You hit the scorpion but do no damage.
The scorpion is severely wounded.
You feel sick. The scorpion closely misses you.
You hit the scorpion but do no damage. Your bite misses the scorpion.
The scorpion is severely wounded.
You feel sick. The scorpion barely misses you.
You barely miss the scorpion.
The scorpion is severely wounded.
You feel sick. The scorpion closely misses you.
You hit the scorpion but do no damage.
The scorpion is severely wounded.
You feel sick. The scorpion stings you!
You die...

#o.# ##.# #.# #.# # #.#
#####.#### #.#
##.....>...
#####.########...##.....
#..........)...#.s..#
#.###.########..@# #.#
#.# ##.## ∆ #.###>###
#.# ..#.....# #.# ∆
..#.....# #.# ........#
#.. #.#.....# ####
#.#.....# #.#######


You could see a scorpion.

Vanquished Creatures
  An iguana (D:5)
  An orc wizard (D:5)
2 creatures vanquished.

Vanquished Creatures (others)
  17 fungi (D:5)
17 creatures vanquished.

Grand Total: 19 creatures vanquished

Notes
Turn   | Place    | Note
-------+----------+-------------------------------------------
     0 | D:5      | Reached skill level 9 in Stealth
     0 | D:5      | DocClef the Gnoll Delver began the quest for the Orb.
     0 | D:5      | Reached XP level 1. HP: 23/23 MP: 1/1
     2 | D:5      | Found a staircase to the Ecumenical Temple.
    61 | Temple   | Entered the Ecumenical Temple
   188 | Temple   | Became a worshipper of Warmaster Okawaru
   295 | D:5      | Noticed an iguana
   300 | D:5      | Noticed an orc wizard
   302 | D:5      | Killed an iguana
   303 | D:5      | Reached XP level 2. HP: 29/29 MP: 2/2
   303 | D:5      | Reached XP level 3. HP: 35/35 MP: 3/3
   366 | D:5      | Reached skill level 1 in Long Blades
   366 | D:5      | Reached skill level 1 in Axes
   366 | D:5      | Reached skill level 1 in Maces & Flails
   366 | D:5      | Reached skill level 1 in Polearms
   366 | D:5      | Reached skill level 1 in Staves
   366 | D:5      | Reached skill level 1 in Slings
   366 | D:5      | Reached skill level 1 in Bows
   366 | D:5      | Reached skill level 1 in Crossbows
   366 | D:5      | Reached skill level 1 in Throwing
   366 | D:5      | Reached skill level 1 in Armour
   366 | D:5      | Reached skill level 1 in Shields
   366 | D:5      | Reached skill level 1 in Unarmed Combat
   366 | D:5      | Reached skill level 1 in Spellcasting
   366 | D:5      | Reached skill level 1 in Invocations
   366 | D:5      | Reached skill level 1 in Evocations
   367 | D:5      | Noticed a scorpion
   631 | D:5      | Slain by a scorpion

Illustrated notes

Levels and vault maps discovered:
D:5:      kennysheep_steamy, layout_loops_ring,
          minmay_temple_entry_statues_fountains, grunt_ministairs_10
Temple:   minmay_crystal_spiral_temple

Skill      XL: |  1  2  3 |
---------------+----------+-----
Stealth        | |  9.6
Long Blades    | 1 |  1.0
Axes           | 1 |  1.0
Maces & Flails | 1 |  1.0
Polearms       | 1 |  1.0
Staves         | 1 |  1.0
Slings         | 1 |  1.0
Bows           | 1 |  1.0
Crossbows      | 1 |  1.0
Throwing       | 1 |  1.0
Armour         | 1 |  1.0
Shields        | 1 |  1.0
Unarmed Combat | 1 |  1.0
Spellcasting   | 1 |  1.0
Invocations    | 1 |  1.0
Evocations     | 1 |  1.0
Fighting       | |  6.5
Short Blades   | |  4.6
Dodging        | |  4.6
Conjurations   | |  0.7
Hexes          | |  0.7
Summonings     | |  0.7
Necromancy     | |  0.7
Translocations | |  0.7
Transmutations | |  0.7
Fire Magic     | |  0.7
Ice Magic      | |  0.7
Air Magic      | |  0.7
Earth Magic    | |  0.7
Poison Magic   | |  0.7

Action                   || total
-------------------------++-------
Melee: Short sword       ||    35
       Bite              ||     3
 Stab: Sleeping          ||     1
Armor: Leather armour    ||     4
Dodge: Dodged            ||    25

Table legend: (Time is in decaauts)
 A = Elapsed time spent in this place.
 B = Non-inter-level travel time spent in this place.
 C = Inter-level travel time spent in this place.
 D = Time resting spent in this place.
 E = Time spent auto-exploring this place.
 F = Levels seen in this place.
 G = Mean time per level.
                   A        B        C        D        E       F      G
               +--------+--------+--------+--------+--------+-----+--------+
         Total |    627 |    521 |    106 |    240 |    164 |   2 |  313.5 |
       Dungeon |    414 |    392 |     22 |    240 |     54 |   1 |  414.0 |
        Temple |    212 |    128 |     84 |      0 |    110 |   1 |  212.0 |
               +--------+--------+--------+--------+--------+-----+--------+

Top non-repeatable levels by time:
     D:5: 414 daAuts
  Temple: 212 daAuts
